 Dungeon Crawl Stone Soup version 0.29-a0-473-gacb4ef3bc5 (webtiles) character file.

Game seed: 16315182343129243639

10418 101zpm the Thaumaturge (level 11, -24/58 HPs)
             Began as a Djinni Fire Elementalist on May 23, 2022.
             Was a Follower of Hepliaklqana.
             Annihilated by an ettin
             ... wielding a +0 dire flail
              (40 damage)
             ... on level 1 of the Orcish Mines.
             The game lasted 00:37:58 (15558 turns).

101zpm the Thaumaturge (Djinni Fire Elementalist)  Turns: 15558, Time: 00:38:02

Health: -24/58     AC:  8    Str: 11    XL:     11   Next: 92%
Gold:   1305       EV: 13    Int: 21    God:    Hepliaklqana [*.....] SH:  5 Dex: 20

rFire   + + .      SeeInvis .   (no weapon)
rCold   + . .      Faith    .   (no shield)
rNeg    + . .      Spirit   .   N - +2 leather armour of the Moon Troll {rN+}
rPois   ∞          Reflect  +   f - +2 hat
rElec   .          Harm     .   (no cloak)
rCorr   .          Rampage  .   g - +0 pair of gloves
Will    ++...                   (boots unavailable)
Stlth   +++.......              P - amulet of reflection
HPRegen 0.19/turn               j - ring of willpower
MPRegen 0.00/turn               C - ring of Garemy {rC++ Str+4 Dex+6 Slay-2}

@: flying, studying Stealth
A: reduced essence, sickness immunity, fire resistance 2, cold vulnerability 1,
float, innate caster, HP casting, extra vitality 1
a: Renounce Religion, Recall Ancestor, Ancestor Identity


You were on level 1 of the Orcish Mines.
You worshipped Hepliaklqana.
Hepliaklqana was aware of your devotion.
You visited 3 branches of the dungeon, and saw 13 of its levels.

You collected 1305 gold pieces.

Inventory:

Hand Weapons
 L - a +2 vorpal spear
Missiles
 B - a throwing net
Armour
 a - a +0 robe
 f - a +2 hat (worn)
 g - a +0 pair of gloves (worn)
 p - a +0 leather armour of willpower
 D - the +2 robe "Nifuyzum" {Harm}
   (You found it on level 7 of the Dungeon)

   Harm:      It increases damage dealt and taken.
 M - a +0 chain mail of fire resistance
 N - the +2 leather armour of the Moon Troll (worn) {rN+}
   (You took it off a gnoll on level 9 of the Dungeon)

   rN:        It protects you from negative energy.
Jewellery
 j - a ring of willpower (left hand)
 C - the ring of Garemy (right hand) {rC++ Str+4 Dex+6 Slay-2}
   (You found it on level 7 of the Dungeon)

   [ring of dexterity]

   Str:       It affects your strength (+4).
   Dex:       It affects your dexterity (+6).
   Slay:      It affects your accuracy & damage with ranged weapons and melee
   (-2).
   rC:        It greatly protects you from cold.
 I - a ring of willpower
 P - an amulet of reflection (around neck)
Wands
 h - a wand of iceblast (8)
 i - a wand of charming (12)
 r - a wand of flame (22)
 A - a wand of acid (7)
 E - a wand of mindburst (17)
Scrolls
 b - 4 scrolls of noise
 d - 3 scrolls of fog
 l - a scroll of immolation
 m - 4 scrolls of teleportation
 o - a scroll of fear
 q - 3 scrolls of poison
 t - 2 scrolls of enchant weapon
 u - 5 scrolls of amnesia
 v - a scroll of torment
 y - a scroll of silence
 F - 2 scrolls of vulnerability
 K - a scroll of magic mapping {unknown}
 O - 3 scrolls of brand weapon {unknown}
Potions
 c - 2 potions of lignification {unknown}
 e - a potion of resistance {unknown}
 k - a potion of cancellation {unknown}
 n - 4 potions of mutation {unknown}
 s - a potion of brilliance {unknown}
 w - 3 potions of flight {unknown}
 x - a potion of curing {unknown}
 z - a potion of might {unknown}
 G - a potion of invisibility {unknown}
 J - a potion of attraction {unknown}


   Skills:
 + Level 0.2 Fighting
 + Level 4.6 Armour
 + Level 3.6 Dodging
 + Level 4.4 Stealth
 + Level 0.1 Shields
 + Level 12.9 Spellcasting


You had 7 spell levels left.
You knew the following spells:

 Your Spells              Type           Power      Damage    Failure   Level
a - Foxfire               Conj/Fire      100%       2x1d9     1%          1
b - Scorch                Fire           100%       2d10      1%          2
c - Conjure Flame         Conj/Fire      61%        6-21      1%          3
d - Inner Flame           Hex/Fire       61%        N/A       1%          3
e - Flame Wave            Conj/Fire      61%        2d12      1%          4
f - Shock                 Conj/Air       100%       1d9       1%          1
g - Call Imp              Summ           61%        N/A       1%          2
h - Teleport Other        Tloc           61%        N/A       1%          3
i - Animate Armour        Summ/Erth      100%       N/A       1%          4
j - Agony                 Necr           61%        N/A       1%          5
Your spell library was empty.

Dungeon Overview and Level Annotations

Branches:
Dungeon (11/15)            Temple (1/1) D:7            Lair (0/6) D:9
    Orc (1/2) D:10

Altars:
Ashenzari
Cheibriados
Dithmenos
Elyvilon
Fedhas
Gozag
Hepliaklqana
Kikubaaqudgha
Makhleb
Nemelex Xobeh
Okawaru
Qazlal
Ru
Sif Muna
Trog
Uskayaw
Vehumet
Wu Jian
Xom
Yredelemnul
Zin
The Shining One

Shops:
D:10 [(

Portals:
Trove: D:11 (give +3 gold dragon scales)

Annotations:
D:7 1 runed translucent door, makewrite's ghost, novice TrBe
Orc:1 Urug


Innate Abilities, Weirdness & Mutations

Your life essence is reduced to manifest your ancestor. (-10% HP)
You are immune to sickness and miasma.
You are immune to poison.
Your flesh is very heat resistant. (rF++)
You are vulnerable to cold. (rC-)
You float through the air rather than walking.
You learn spells naturally, not from books.
Your magical power is your life essence.
You have superior vitality. (+4 MHP)


Message History

The ogre's fire resistance burns away.
Casting: Scorch (safe; 1% risk of failure)
Confirm with . or Enter, or press ? or * to list all spells.
Flames lash the ogre.
The ogre is burned terribly!
You kill the ogre!
Casting: Scorch (safe; 1% risk of failure)
Confirm with . or Enter, or press ? or * to list all spells.
Aiming: Inner Flame (safe; 1% risk of failure)
Press: ? - help, Dir - move target, f - ogre
Aim: an ogre, wielding a +0 giant spiked club (ally target, chance to affect: 95%)
The ogre is filled with an inner flame.
You conjure some foxfire!
You conjure some foxfire!
The foxfire hits the ogre!
Flame seeps out of the ogre.
The ogre is moderately wounded.
The ogre is engulfed in blazing flames.
Flame seeps out of the ogre.
You conjure some foxfire!
The foxfire hits the ogre.
Flame seeps out of the ogre.
The ogre is almost dead.
The ogre is engulfed in blazing flames.
The ogre explodes!
Your foxfire dissipates!
Your foxfire dissipates!
Your animated leather armour disappears in a puff of smoke!
HP restored.
Things that are here:
a +0 giant club; an ogre corpse Done exploring.
Done exploring.
Done exploring.
There is an entrance to Noxefe Buac's Weapon Shoppe here.
There is a staircase to the Orcish Mines here.
You fly downwards.
Welcome back to the Orcish Mines!
Level annotation: Urug The ettin hits you with a +0 dire flail!!!
Ouch! That really hurt!
* * * LOW HITPOINT WARNING * * *
The ettin hits you with a +0 dire flail!!!
Ouch! That really hurt!
You die...

###.)......#
###.........#
#...[[..R..#
.........#
#.....[.# #
#......##
#.#......#
.......C.#
........@#
........##
........#
.#......#
....#...#
##...#..#
##.##..# ##
##.# ###


You could see the friendly Ealdgyð the ancestor and an ettin (ally target).

Vanquished Creatures
  3 two-headed ogres (D:9)
  Lodul (D:11)
  Pikel (D:5)
  2 manticores (D:11)
  A gargoyle (D:10)
  Maggie (D:8)
  2 trolls
  Sigmund (D:3)
  3 shadows
  2 wyverns (D:10)
  3 yaks (D:10)
  2 steam dragons (D:7)
  2 water moccasins
  Duvessa (D:5)
  5 black bears
  An ice beast (D:6)
  6 orc warriors
  5 sky beasts
  3 ogres (D:10)
  3 phantoms
  A centaur (D:9)
  A gnoll sergeant (D:9)
  A bullfrog (D:8)
  2 scorpions
  4 wights (D:9)
  Dowan (D:5)
  5 killer bees (D:10)
  3 hounds
  6 orc priests
  Jessica (D:2)
  Ijyb (D:3)
  6 iguanas
  7 orc wizards
  10 gnolls
  5 adders
  2 white imps
  2 worms (D:2)
  2 dart slugs (D:1)
  33 orcs
  4 ball pythons
  2 endoplasms (D:4)
  6 giant cockroaches
  6 goblins
  6 hobgoblins
  3 jackals (D:5)
  A quokka (D:3)
  2 bats
  10 kobolds
  2 rats (D:2)
183 creatures vanquished.

Vanquished Creatures (collateral kills)
  A wyvern (D:10)
  A sky beast (D:7)
  A killer bee (D:10)
  An orc wizard (Orc:1)
  An orc (D:10)
  4 foxfires (D:1)
9 creatures vanquished.

Vanquished Creatures (others)
  2 ancestors
  796 foxfires
  A plant (Orc:1)
799 creatures vanquished.

Grand Total: 991 creatures vanquished

Notes
Turn   | Place    | Note
-------+----------+-------------------------------------------
     0 | D:1      | 101zpm the Djinni Fire Elementalist began the quest for the
                  | Orb.
     0 | D:1      | Reached XP level 1. HP: 15/15 MP: 0/0
   252 | D:3      | Noticed Ijyb
   317 | D:4      | Reached XP level 2. HP: 16/21 MP: 0/0
   465 | D:4      | Reached skill level 3 in Spellcasting
   541 | D:4      | Reached XP level 3. HP: 22/25 MP: 0/0
   541 | D:4      | Learned a level 1 spell: Shock
   727 | D:5      | Entered Level 5 of the Dungeon
   732 | D:5      | Noticed Duvessa
   737 | D:5      | Noticed a water moccasin
   739 | D:5      | Killed Duvessa
   740 | D:5      | Reached skill level 4 in Spellcasting
   740 | D:5      | Reached XP level 4. HP: 20/31 MP: 0/0
   740 | D:5      | Reached XP level 5. HP: 23/35 MP: 0/0
   740 | D:5      | Learned a level 2 spell: Call Imp
   743 | D:5      | Killed a water moccasin
   743 | D:5      | Noticed Dowan
   744 | D:5      | Reached XP level 6. HP: 18/40 MP: 0/0
   746 | D:5      | Killed Dowan
   924 | D:5      | Reached skill level 5 in Spellcasting
  1124 | D:5      | Reached XP level 7. HP: 29/45 MP: 0/0
  1124 | D:5      | Learned a level 3 spell: Teleport Other
  1929 | D:4      | Found a hide-covered altar of Uskayaw.
  2361 | D:3      | Killed Ijyb
  2362 | D:3      | Reached skill level 6 in Spellcasting
  2775 | D:3      | Reached XP level 8. HP: 47/50 MP: 0/0
  3188 | D:3      | Noticed Sigmund
  3191 | D:3      | Killed Sigmund
  3654 | D:5      | Reached skill level 7 in Spellcasting
  4040 | D:5      | Noticed Pikel
  4046 | D:5      | Killed Pikel
  4047 | D:5      | Reached skill level 8 in Spellcasting
  4047 | D:5      | Reached XP level 9. HP: 45/55 MP: 0/0
  4047 | D:5      | Learned a level 4 spell: Animate Armour
  4884 | D:6      | Reached skill level 9 in Spellcasting
  6098 | D:2      | Noticed Jessica
  6102 | D:2      | Killed Jessica
  7185 | D:1      | Found a faded altar of an unknown god.
  7671 | D:7      | Found a runed translucent door.
  7675 | D:7      | Noticed makewrite's ghost (novice TrBe)
  7918 | D:7      | Reached skill level 1 in Armour
  7927 | D:7      | Reached XP level 10. HP: 7/60 MP: 0/0
  8286 | D:7      | Identified the ring of Garemy {rC++ Str+4 Dex+6 Slay-2}
  8318 | D:7      | Found a staircase to the Ecumenical Temple.
  8326 | Temple   | Entered the Ecumenical Temple
  8654 | D:7      | Identified the +2 robe "Nifuyzum" {Harm}
  8812 | D:7      | Identified a scroll of acquirement
  8813 | D:7      | Acquired 553 gold pieces
  8949 | D:8      | Noticed Maggie
  8956 | D:8      | Killed Maggie
  8957 | D:8      | Reached skill level 10 in Spellcasting
  9019 | D:8      | Found a shadowy altar of Dithmenos.
  9847 | Temple   | Became a worshipper of Hepliaklqana the Forgotten
 10426 | D:9      | Noticed a two-headed ogre
 10431 | D:9      | Killed a two-headed ogre
 10710 | D:9      | Noticed a two-headed ogre
 10716 | D:9      | Killed a two-headed ogre
 10717 | D:9      | Reached skill level 11 in Spellcasting
 10717 | D:9      | Reached XP level 11. HP: 57/65 MP: 0/0
 10717 | D:9      | Learned a level 5 spell: Agony
 10782 | D:9      | Identified the +2 leather armour of the Moon Troll {rN+}
 10791 | D:9      | Noticed a two-headed ogre
 10802 | D:9      | Killed a two-headed ogre
 11579 | D:9      | Found a staircase to the Lair.
 11687 | D:9      | Reached * piety under Hepliaklqana
 11900 | D:10     | Entered Level 10 of the Dungeon
 11914 | D:10     | Found Noxefe Buac's Weapon Shoppe.
 11947 | D:10     | Reached skill level 12 in Spellcasting
 12433 | D:10     | Found a staircase to the Orcish Mines.
 12436 | D:10     | Found Apsiwkeq's Armour Shoppe.
 12914 | D:10     | Found a sacrificial altar of Ru.
 13522 | D:10     | Found a sacrificial altar of Ru.
 13727 | D:11     | Noticed a manticore
 13732 | D:11     | Killed a manticore
 13834 | D:11     | Noticed a manticore
 13840 | D:11     | Killed a manticore
 14005 | D:11     | Noticed Lodul
 14311 | Orc:1    | Entered Level 1 of the Orcish Mines
 14365 | Orc:1    | Noticed Urug
 14391 | Orc:1    | Noticed an ettin
 14823 | D:11     | Found a portal to a secret trove of treasure.
 14844 | D:11     | Killed Lodul
 15558 | Orc:1    | Annihilated by an ettin

Illustrated notes

Levels and vault maps discovered:
D:1:      psy_arrival_conway, layout_basic, ebering_ecumenical_altar_hall
D:2:      layout_basic, uniq_jessica
D:3:      layout_basic, uniq_ijyb, uniq_sigmund
D:4:      layout_layer_cave, marbit_many_paths
D:5:      layout_layer_cave, uniq_pikel, uniq_duvessa
D:6:      layout_loops_cross, serial_rivers, chequers_serial_rivers_marsh,
          chequers_serial_rivers_micro_c, chequers_serial_rivers_micro_c,
          chequers_serial_rivers_micro_c, chequers_serial_rivers_large_b
D:7:      layout_rooms, temple_fountains, ebering_ghost_reflecting_pool,
          hangedman_misty_isle
D:8:      layout_basic, general_overflow_altar, enter_bailey_3, uniq_maggie
D:9:      layout_irregular_city, lair_entry_dummy, minmay_liquid_box,
          feat_on_display
D:10:     layout_loops_cross, nicolae_ru_awakened_eye, orc_david_3,
          chequers_serial_rivers_micro_d, kennysheep_flooded_box,
          bh_walls_and_bars
D:11:     layout_gridville, enter_trove_0, nicolae_dithmenos_shadow_blocks,
          uniq_snorg, uniq_lodul
Temple:   mainiacjoe_temple_bowtie_tessellation
Orc:1:    giant_chief_lemuel, layout_diamond_mine, serial_shops, shop,
          uniq_urug, uniq_fannar

Skill      XL: |  1  2  3  4  5  6  7  8  9 10 11 |
---------------+----------------------------------+-----
Spellcasting   | 3 4 5 6 8 9 11 12 | 12.9
Stealth        | 2 3 4 |  4.4
Dodging        | 3 |  3.6
Armour         | 1 3 4 |  4.6
Fighting       | |  0.2
Shields        | |  0.1

Action                   |  1- 3 |  4- 6 |  7- 9 | 10-12 || total
-------------------------+-------+-------+-------+-------++-------
 Cast: Foxfire           |    19 |     7 |   235 |   211 ||   472
       Scorch            |     3 |     2 |    36 |    67 ||   108
       Shock             |     5 |     1 |     2 |     1 ||     9
       Inner Flame       |     2 |     6 |    37 |    70 ||   115
       Call Imp          |       |     1 |     2 |    15 ||    18
       Animate Armour    |       |       |     2 |    13 ||    15
       Teleport Other    |       |       |       |     1 ||     1
  Use: Scroll            |       |       |       |    16 ||    16
Armor: Robe              |       |       |     1 |       ||     1
       Leather armour    |       |       |     3 |    11 ||    14
Dodge: Dodged            |       |       |     7 |    24 ||    31
Block: Other             |       |       |       |     4 ||     4

Table legend: (Time is in decaauts)
 A = Elapsed time spent in this place.
 B = Non-inter-level travel time spent in this place.
 C = Inter-level travel time spent in this place.
 D = Time resting spent in this place.
 E = Time spent auto-exploring this place.
 F = Levels seen in this place.
 G = Mean time per level.
                   A        B        C        D        E       F      G
               +--------+--------+--------+--------+--------+-----+--------+
         Total |  15571 |  14618 |    953 |   2028 |  11245 |  13 | 1197.8 |
       Dungeon |  15226 |  14323 |    903 |   2026 |  11002 |  11 | 1384.2 |
        Temple |    263 |    213 |     50 |      0 |    198 |   1 |  263.0 |
  Orcish Mines |     81 |     81 |      0 |      2 |     45 |   1 |   81.0 |
               +--------+--------+--------+--------+--------+-----+--------+

Top non-repeatable levels by time:
    D:10: 2744 daAuts
     D:5: 1842 daAuts
     D:9: 1765 daAuts
     D:4: 1406 daAuts
     D:7: 1392 daAuts
     D:8: 1299 daAuts
     D:3: 1203 daAuts
     D:1: 1175 daAuts
     D:6: 1057 daAuts
     D:2: 984 daAuts
    D:11: 354 daAuts
  Temple: 263 daAuts
   Orc:1: 81 daAuts
